 Dungeon Crawl Stone Soup version 0.25-a0-56-g68f8618 (webtiles) character file.

Game seed: 8550663471209433496, levelgen mode: deterministic

249 BoppinsLewinski the Charmwright (level 5, 0/42 HPs)
             Began as a Demigod Skald on Oct 25, 2019.
             Slain by an orc wizard
             ... wielding a +0 dagger
              (3 damage)
             ... on level 3 of the Dungeon.
             The game lasted 00:05:53 (2462 turns).

BoppinsLewinski the Charmwright (Demigod Skald)     Turns: 2462, Time: 00:05:53

Health: 0/42       AC:  4    Str: 16    XL:     5   Next: 56%
Magic:  10/11      EV: 12    Int: 17    God:
Gold:   105        SH:  0    Dex: 15    Spells: 6/9 levels left

rFire    . . .     SeeInvis .   a - +0 hand axe
rCold    . . .     Gourm    .   (no shield)
rNeg     . . .     Faith    .   b - +0 leather armour
rPois    .         Spirit   .   g - +0 helmet
rElec    .         Reflect  .   (no cloak)
rCorr    .         Harm     .   (no gloves)
MR       .....                  (no boots)
Stlth    +.........             (no amulet)
HPRegen  0.14/turn              (no ring)
MPRegen  0.12/turn              (no ring)

@: singing, drained
A: high mp 1
a: no special abilities


You were on level 3 of the Dungeon.
You were near starving.

You visited 1 branch of the dungeon, and saw 3 of its levels.

You collected 105 gold pieces.

Inventory:

Hand Weapons
 a - a +0 hand axe (weapon)
Armour
 b - a +0 leather armour (worn)
 g - a +0 helmet (worn)
Jewellery
 e - an uncursed amulet of harm {unknown}
Scrolls
 c - a scroll of identify
 j - a scroll of magic mapping
Potions
 f - 2 potions of ambrosia {unknown}
 h - a potion of lignification {unknown}
 i - a potion of curing {unknown}
 k - a potion of might {unknown}
 l - a potion of haste {unknown}
 m - a potion of resistance {unknown}
 o - a potion of cancellation {unknown}
Comestibles
 d - 3 rations


   Skills:
 + Level 2.5(1.8) Fighting
 * Level 3.3(2.6) Axes
 + Level 2.1(1.4) Armour
 + Level 2.5(1.8) Dodging
 * Level 2.6(2.0) Spellcasting
 + Level 3.3(2.6) Charms


You had 6 spell levels left.
You knew the following spells:

 Your Spells              Type           Power        Failure   Level  Hunger
a - Infusion              Chrm           ##..         8%          1    #......
b - Song of Slaying       Chrm           ##......     12%         2    ###....

Your spell library contained the following spells:

 Spells                   Type           Power        Failure   Level  Hunger
 Shroud of Golubria       Chrm/Tloc      #.....       21%         2    ###....
 Regeneration             Chrm/Necr      #.........   38%         3    ###....
 Spectral Weapon          Hex/Chrm       #.......     38%         3    ###....


Dungeon Overview and Level Annotations

Branches:
Dungeon (3/15)


Innate Abilities, Weirdness & Mutations

You have an increased reservoir of magic. (+10% MP)


Message History

Tha orc closely misses ye.
Ye hear some strange, mumbled words.
A puff o' flame appears from outta thin air!
Tha puff o' flame hits ye!
Tha orc barely misses ye.
Unknown command.
Ye barely miss tha orc.
Ye hit somethin'.
Somethin' barely misses ye.
Tha orc hits ye wit' a +0 club.
* * * LOW HITPOINT WARNIN'
* * * Somethin' hits ye.
* * * LOW HITPOINT WARNIN'
* * * Unknown command.
Ye barely miss somethin'.
Ye barely miss tha orc.
Tha orc hits ye wit' a +0 club.
* * * LOW HITPOINT WARNIN'
* * * Unknown command.
Ye be near starvin'!
Ye hit somethin'.
Ye hit tha orc but do nay damage.
Somethin' hits ye but does nay damage.
Tha orc barely misses ye.
Ye closely miss somethin'.
Ye hit tha orc but do nay damage.
Somethin' hits ye.
Ye die...

*******
########
#>.....#
#......#
#.>....#
**********
#....%.#
,,,,,,,,,*
#......#
,,,,,,,,,*
#...)@)#
,,,,,,,,,*
####o{.#
,,,,******
#...# ,**,*
#...#*********
,,*,*
#...#,,,,,,,,*
,,*,*
#...#,,,,,,,,*
,,*,*
#...#,,,,,,,<*
,,*,*
#...+,,,,,,,,*
***,*
*,,,*,,,,,,,,*


You could see an orc.

Vanquished Creatures
  A crimson imp (D:2)
  A centaur skeleton (D:2)
  Jessica (D:2)
  4 gnolls (D:2)
  3 adders
  3 oozes (D:1)
  An adder zombie (D:1)
  3 worms (D:2)
  A dart slug (D:1)
  3 leopard geckos
  3 orcs (D:3)
  2 ball pythons (D:2)
  5 bats
  A bat zombie (D:1)
  4 giant cockroaches
  7 goblins
  4 hobgoblins (D:1)
  6 jackals (D:1)
  A quokka (D:2)
  3 frilled lizards
  5 kobolds
  5 rats
67 creatures vanquished.

Notes
Turn   | Place    | Note
-------+----------+-------------------------------------------
     0 | D:1      | BoppinsLewinski the Demigod Skald began the quest for the
                  | Orb.
     0 | D:1      | Reached XP level 1. HP: 17/17 MP: 5/5
    20 | D:1      | Reached skill level 1 in Armour
   122 | D:1      | Reached XP level 2. HP: 17/24 MP: 7/7
   534 | D:1      | Reached XP level 3. HP: 27/29 MP: 8/8
   562 | D:1      | Learned a level 2 spell: Song of Slaying
   963 | D:2      | Noticed Jessica
   974 | D:2      | Killed Jessica
   974 | D:2      | Reached XP level 4. HP: 33/36 MP: 9/9
  1113 | D:2      | Found a shadowy altar of Dithmenos.
  1161 | D:2      | Found a glowing golden altar of the Shining One.
  1412 | D:2      | Reached XP level 5. HP: 6/42 MP: 9/11
  2462 | D:3      | Slain by an orc wizard

Levels and vault maps discovered:
D:1:      saegor_arrival_fortress, layout_basic, minmay_octomino_j4
D:2:      layout_loops_corners, old_standard_altar, grunt_dithmenos_smoke,
          uniq_jessica
D:3:      layout_basic, first_ration, cheibrodos_sewer_entry_bend

Table legend:
 A = Non-vault XP
 B = Vault XP
 C = Vault XP percentage of total XP
 D = Non-vault monster count
 E = Vault monster count
 F = Vault count percentage of total count
                 A         B        C        D         E       F
            +---------+---------+-------+---------+---------+-------
      Total |     308 |      49 |  13.7 |      62 |       5 |   7.5
            +---------+---------+-------+---------+---------+-------
        D:1 |      66 |      12 |  15.4 |      27 |       4 |  12.9
        D:2 |     220 |      37 |  14.4 |      31 |       1 |   3.1
        D:3 |      22 |       0 |   0.0 |       4 |       0 |   0.0
            +---------+---------+-------+---------+---------+-------
